Map: Cerulean Fall LE

Players

Oathkeeper

  • Race: Terran Terran
  • Spawn Location: 1:00

A.I. 1 (Hard)

  • Race: Protoss Protoss
  • Spawn Location: 7:00

VOD

Have the link to the VOD?

Description

Time

  • Played on: Jan. 21, 2019, 7:31 p.m.
  • Length: 61:51
Show
View Real Time Build Order
Export as new Build Order

Oathkeeper Terran 

Build Orders:  

Get SALT Encoding   

    0:24  Orbital Command  
    0:37  SCV x12  
  12  0:52  SCV  
  13  1:07  Supply Depot  
  13  1:08  SCV  
  15  1:25  SCV  
  15  1:31  Barracks  
  15  1:37  SCV  
  16  1:43  Refinery  
  16  1:56  SCV  
  17  2:08  SCV  
  18  2:25  SCV  
  19  2:39  Orbital Command  
  19  2:53  Barracks Reactor  
  19  3:08  Command Center  
  19  3:31  SCV  
  20  3:39  Barracks  
  20  3:43  SCV  
  20  3:46  Marine x2  
  23  3:59  Supply Depot  
  23  4:19  SCV, Marine x2  
  23  4:20  Supply Depot  
  26  4:27  Barracks  
  26  4:28  Supply Depot  
  26  4:31  SCV  
  26  4:35  Marine  
  26  4:37  Marine x2  
  30  4:51  SCV x2, Supply Depot  
  32  4:53  Marine  
  33  5:01  Refinery  
  33  5:03  SCV  
  34  5:09  Supply Depot  
  34  5:13  Marine  
  35  5:14  Marine  
  35  5:19  Barracks Tech Lab  
  36  5:23  Orbital Command  
  36  5:28  SCV  
  37  5:40  SCV  
  38  5:53  SCV  
  39  5:58  Marine  
  39  5:59  Marine  
  39  6:00  Marine x2  
  43  6:11  SCV x2  
  45  6:18  Marauder, Stimpack  
  47  6:21  Barracks Reactor  
  47  6:28  Marine x2  
  51  6:40  Marauder  
  51  6:42  Factory  
  51  6:46  Marine x2  
  53  7:00  Marine x2  
  53  7:01  Marauder  
  57  7:07  Refinery  
  57  7:19  Refinery  
  57  7:22  Marauder  
  59  7:37  Factory Reactor, Starport  
  59  8:15  Medivac  
  59  8:18  Combat Shield  
  60  8:28  Engineering Bay  
  43  8:44  Medivac  
  38  9:01  Marine x4  
  44  9:02  Marauder  
  44  9:13  SCV  
  44  9:14  SCV  
  46  9:18  Marine  
  46  9:19  Marine x3  
  52  9:24  Marauder  
  52  9:26  SCV x2  
  54  9:36  Marine x2  
  54  9:37  Marine x2  
  58  9:39  Factory  
  58  9:40  Neosteel Armor  
  60  9:54  Marauder, Starport Tech Lab  
  61  10:02  Marine  
  61  10:15  Marauder  
  63  10:23  Marine x2  
  63  10:24  Marine x2  
  67  10:36  Marauder  
  67  10:41  Marine x2  
  71  10:58  Marauder  
  71  11:00  Command Center  
  73  11:09  Medivac  
  75  11:12  Marine  
  75  11:13  Marine x2  
  78  11:24  Supply Depot  
  78  11:34  Factory Tech Lab  
  78  11:45  Terran Infantry Weapons Level 1, Medivac, Marine x4  
  78  11:46  Marauder  
  86  11:47  Supply Depot  
  86  11:52  Engineering Bay  
  86  12:04  Rapid Reignition System  
  86  12:08  Marine  
  86  12:09  Marauder  
  89  12:18  Armory  
  88  12:28  Planetary Fortress  
  88  12:47  Marine x4  
  88  12:48  Marine  
  93  12:55  Siege Tank  
  96  13:02  Widow Mine  
  96  13:03  Widow Mine  
  96  13:05  Marine  
  101  13:06  Marauder  
  101  13:10  Marine x3  
  106  13:22  Marine  
  106  13:24  Widow Mine  
  109  13:29  Terran Vehicle And Ship Armor Level 1  
  109  13:35  Supply Depot  
  109  13:39  Terran Infantry Armor Level 1  
  109  13:45  Drilling Claws  
  109  13:57  Marauder, Widow Mine, Marine, Siege Tank  
  109  13:59  Supply Depot  
  117  14:21  Marauder, Marine x4  
  117  14:22  Supply Depot  
  123  14:38  Marine  
  123  14:44  Marauder  
  126  14:45  Supply Depot  
  126  15:06  Marauder  
  128  15:24  Terran Ship Weapons Level 1  
  128  15:27  Marauder  
  121  16:27  SCV x2  
  121  16:28  SCV  
  124  16:37  Refinery  
  124  16:39  SCV  
  125  16:43  Supply Depot  
  125  17:06  Supply Depot  
  125  17:18  Terran Vehicle Weapons Level 1  
  125  17:27  Refinery  
  125  18:06  Smart Servos  
  125  18:14  Terran Infantry Weapons Level 2  
  125  18:15  Terran Infantry Armor Level 2  
  125  18:25  Fusion Core  
  125  18:38  Marine x4  
  125  18:39  Marine  
  130  18:55  Marine  
  130  18:56  Command Center, Marine x3  
  130  18:57  Marauder  
  136  19:13  Marine x2  
  136  19:14  Marine x2  
  140  19:19  Marauder  
  140  19:22  Terran Vehicle Weapons Level 2  
  142  19:25  Weapon Refit  
  142  19:30  Supply Depot  
  142  19:31  Marine x2  
  142  19:32  Marine x2  
  146  19:39  Concussive Shells  
  146  19:40  Marauder  
  148  19:51  Thor  
  154  19:54  Supply Depot  
  154  20:01  Marauder  
  158  20:07  Widow Mine x2  
  158  20:11  Medivac  
  162  20:18  Supply Depot  
  162  20:21  Planetary Fortress  
  164  20:28  Widow Mine  
  164  20:29  Widow Mine  
  164  20:33  Thor  
  172  20:41  Refinery, Supply Depot, Medivac  
  174  20:45  Refinery  
  176  20:50  Widow Mine x2  
  178  21:05  Supply Depot  
  180  21:11  Medivac, Widow Mine x2  
  180  21:16  Thor, Starport  
  180  21:17  Starport  
  190  21:28  Terran Infantry Weapons Level 3  
  190  21:29  Terran Infantry Armor Level 3  
  190  21:37  Terran Vehicle And Ship Armor Level 2  
  190  21:41  Medivac  
  192  21:56  Starport x2  
  192  21:58  Factory Tech Lab  
  192  21:59  Thor  
  198  22:30  Mag-Field Accelerator  
  198  22:33  Infernal Pre-Igniter  
  198  22:34  Starport  
  198  22:38  Starport  
  198  23:11  Starport  
  198  23:17  Starport  
  182  23:50  Starport  
  182  23:53  Terran Ship Weapons Level 2  
  182  24:05  Hi-Sec Auto Tracking  
  78  25:50  Battlecruiser  
  78  25:52  Starport Tech Lab  
  78  25:53  Starport Tech Lab x2  
  84  26:12  Starport Tech Lab  
  84  26:17  Starport Tech Lab  
  84  26:19  Starport Tech Lab  
  84  26:41  Bunker  
  84  26:51  Battlecruiser x2  
  84  26:52  Battlecruiser x2  
  112  26:54  Battlecruiser  
  112  26:56  Battlecruiser  
  112  27:01  Battlecruiser  
  126  27:11  Bunker  
  126  27:44  Bunker  
  126  27:55  Battlecruiser  
  126  27:56  Battlecruiser x2  
  150  27:58  Battlecruiser  
  156  28:12  Battlecruiser  
  162  29:03  Battlecruiser  
  114  29:54  Battlecruiser  
  114  29:55  Battlecruiser x2  
  114  29:56  Battlecruiser  
  144  30:07  Battlecruiser  
  144  30:33  Terran Vehicle Weapons Level 3  
  144  30:39  Command Center  
  144  31:04  Command Center  
  144  31:35  Barracks  
  144  31:37  Barracks  
  144  31:39  Barracks  
  144  31:43  Barracks  
  144  32:38  Refinery  
  144  33:10  Refinery, Terran Vehicle And Ship Armor Level 3  
  142  33:43  Barracks Reactor x3  
  142  33:44  Barracks Reactor  
  142  34:00  Refinery, Orbital Command  
  142  34:07  Planetary Fortress  
  142  34:51  Thor  
  142  34:52  Thor  
  154  35:34  Thor x2  
Show
View Real Time Build Order
Export as new Build Order

A.I. 1 (Hard) Protoss 

Build Orders:  

Get SALT Encoding   

    0:37  Probe x12  
    0:49  Unknown  
  13  0:50  Probe  
  13  1:02  Probe  
  14  1:14  Probe  
  15  1:22  Pylon  
  15  1:36  Probe  
  16  1:47  Nexus  
  16  1:55  Probe  
  16  1:57  Gateway  
  17  2:04  Probe  
  17  2:05  Assimilator  
  18  2:17  Probe  
  18  2:18  Pylon  
  19  2:39  Probe, Zealot  
  20  2:48  Cybernetics Core  
  22  2:59  Zealot  
  22  3:01  Gateway  
  24  3:14  Warp Gate  
  24  3:26  Zealot  
  26  3:30  Probe  
  26  3:34  Probe  
  28  3:41  Adept  
  28  3:42  Probe  
  28  3:43  Assimilator  
  28  3:46  Probe  
  32  3:53  Zealot  
  34  4:00  Forge  
  34  4:05  Stalker  
  34  4:06  Probe  
  34  4:08  Probe  
  38  4:11  Pylon  
  38  4:21  Sentry  
  40  4:26  Protoss Ground Weapons Level 1  
  40  4:42  Stalker  
  42  4:57  Stalker  
  44  5:08  Pylon  
  44  5:17  Sentry  
  46  5:28  Photon Cannon  
  46  5:31  Photon Cannon  
  46  5:34  Sentry  
  46  5:44  Adept  
  48  5:56  Robotics Facility  
  48  6:01  Protoss Ground Armor Level 1  
  48  6:14  Gateway  
  48  6:23  Forge  
  48  6:46  Observer  
  49  6:52  Stargate  
  49  7:03  Nexus  
  49  7:07  Observer  
  50  7:49  Warp Prism  
  52  8:00  Pylon  
  52  8:10  Stalker x2  
  52  8:18  Warp Prism  
  52  8:24  Assimilator  
  54  8:28  Gateway  
  54  8:30  Assimilator  
  54  8:31  Robotics Facility  
  40  8:48  Warp Prism  
  36  8:49  Zealot  
  36  9:08  Stalker  
  38  9:18  Observer  
  38  9:20  Stalker  
  41  9:31  Sentry  
  45  9:59  Probe  
  46  10:01  Probe  
  46  10:02  Probe  
  46  10:12  Nexus  
  46  10:37  Probe  
  46  10:41  Probe  
  48  11:06  Probe  
  48  11:09  Probe  
  48  11:10  Probe  
  51  11:16  Probe  
  52  11:22  Probe  
  52  11:25  Probe  
  52  11:28  Probe  
  52  11:32  Probe  
  56  11:49  Phoenix  
  56  11:50  Nexus  
  58  11:57  Immortal  
  62  12:09  Zealot  
  62  12:15  Stalker  
  62  12:21  Stalker  
  60  12:28  Sentry  
  62  12:34  Zealot  
  64  12:41  Sentry  
  66  12:47  Stalker  
  68  12:54  Stalker, Probe  
  68  12:56  Probe  
  68  12:57  Probe  
  68  12:58  Pylon  
  73  12:59  Probe  
  73  13:00  Phoenix  
  73  13:01  Immortal  
  73  13:03  Probe  
  77  13:07  Probe  
  77  13:08  Probe  
  77  13:09  Probe  
  77  13:11  Probe  
  85  13:15  Probe  
  86  13:23  Twilight Council  
  86  13:32  Probe  
  87  13:37  Probe  
  87  13:38  Probe  
  87  13:39  Probe  
  87  13:41  Probe, Protoss Ground Weapons Level 2  
  90  13:42  Protoss Ground Armor Level 2  
  90  13:45  Probe  
  92  13:50  Probe  
  93  13:55  Pylon, Probe  
  93  13:57  Probe x2  
  93  13:59  Probe  
  97  14:10  Protoss Air Weapons Level 1  
  97  14:44  Assimilator  
  97  14:50  Assimilator  
  97  15:08  Photon Cannon  
  97  15:14  Photon Cannon  
  97  15:28  Zealot  
  99  15:31  Pylon  
  99  15:34  Zealot  
  101  15:37  Protoss Ground Weapons Level 3, Protoss Shields Level 1  
  101  15:40  Adept  
  103  15:55  Templar Archives  
  103  15:58  Dark Shrine  
  103  16:00  Protoss Air Armor Level 1  
  103  16:01  Robotics Bay  
  97  16:04  Zealot  
  97  16:10  Zealot  
  79  16:15  Stalker  
  79  16:18  Immortal  
  81  16:21  Sentry  
  87  16:32  Stalker  
  87  16:38  Stalker  
  91  16:41  Immortal  
  95  16:47  Gravitic Drive  
  95  16:50  High Templar, Psionic Storm  
  97  16:56  High Templar  
  99  17:15  Protoss Ground Armor Level 3  
  99  17:23  High Templar, Archon  
  99  17:28  High Templar  
  103  17:35  Gravitic Boosters  
  103  17:43  Nexus  
  103  17:54  Protoss Shields Level 2  
  103  17:56  High Templar, Archon  
  105  18:02  High Templar  
  107  18:29  High Templar, Archon  
  109  18:35  High Templar  
  111  19:01  Adept  
  113  19:04  Adept, Resonating Glaives  
  113  19:07  Adept, Assimilator  
  113  19:08  Pylon  
  117  19:10  Adept  
  117  19:11  Pylon  
  117  19:13  Void Ray, Assimilator  
  117  19:17  Adept  
  125  19:24  Stalker  
  125  19:27  Sentry  
  125  19:30  Adept, Protoss Shields Level 3  
  131  19:32  Photon Cannon  
  131  19:33  Stalker  
  131  19:35  Photon Cannon  
  131  19:36  Archon  
  133  21:56  High Templar, Oracle  
  133  22:00  Pylon  
  138  22:02  High Templar  
  140  22:09  High Templar  
  140  22:12  Colossus  
  148  22:25  Stargate  
  148  22:27  Fleet Beacon  
  148  22:37  Protoss Air Weapons Level 2  
  148  22:38  Void Ray  
  148  22:40  Nexus  
  148  23:00  Tempest  
  153  23:23  Oracle  
  153  23:26  High Templar, Archon  
  153  23:32  High Templar  
  155  24:04  Assimilator  
  155  24:05  Probe  
  155  24:11  Protoss Air Armor Level 2, Pylon  
  155  24:14  Pylon  
  155  24:16  Assimilator  
  155  24:34  Photon Cannon  
  155  24:37  Photon Cannon  
  155  24:46  Oracle  
  155  24:48  Stargate  
  155  24:58  Pylon  
  150  25:01  Forge  
  150  25:05  Photon Cannon  
  146  25:08  Photon Cannon  
  146  25:11  Gateway  
  146  25:21  Tempest  
  146  25:24  Probe  
  151  25:35  Blink  
  151  25:39  Disruptor  
  151  25:46  Protoss Air Weapons Level 3  
  154  25:52  Stalker  
  156  25:58  Stalker  
  156  26:01  Void Ray  
  162  26:07  Disruptor  
  165  27:34  Nexus  
  165  28:53  Probe, Assimilator  
  165  28:57  Pylon, Assimilator  
  165  29:00  Gateway  
  165  29:04  Pylon  
  165  29:05  Photon Cannon  
  165  29:07  Void Ray  
  165  29:09  Protoss Air Armor Level 3, Cybernetics Core  
  165  29:14  Void Ray  
  130  29:36  Tempest  
  130  29:37  Disruptor  
  130  29:38  Pylon  
  123  29:40  Photon Cannon  
  123  29:44  Photon Cannon, Zealot  
  123  29:50  Pylon  
  123  29:51  Stalker  
  130  29:54  Photon Cannon  
  130  29:55  Stalker  
  130  29:59  Stalker  
  134  30:09  Robotics Facility  
  134  30:12  Pylon  
  134  30:14  Sentry  
  134  30:18  Stalker  
  138  30:22  Sentry  
  140  30:38  Stalker  
  140  30:41  Stalker  
  144  30:52  Pylon  
  144  31:22  Pylon  
  144  31:26  Pylon  
  144  32:10  Pylon  
  144  32:38  Pylon, Nexus  
  144  32:41  High Templar  
  146  32:46  High Templar  
  148  33:02  High Templar, Archon  
  150  33:07  High Templar  
  150  33:11  Pylon  
  152  33:14  Archon  
  152  33:15  High Templar  
  154  33:20  High Templar  
  154  33:25  High Templar, Archon  
  158  33:34  High Templar  
  160  34:02  Pylon  
  160  34:05  Pylon  
  160  34:09  Assimilator  
  160  34:11  Assimilator  
  160  34:29  Photon Cannon  
  160  34:31  Photon Cannon  
  160  36:57  Sentry  
  160  37:00  Sentry  
  150  37:06  Zealot  
  136  37:10  Zealot  
  136  37:14  Zealot  
  131  37:24  Pylon  
  127  37:30  Adept  
  127  37:34  Adept  
  125  37:46  Nexus  
  123  38:12  Sentry  
  120  38:20  Immortal  
  120  38:21  Immortal  
  120  38:22  Sentry  
  112  38:30  Photon Cannon  
  109  38:54  Stalker  
  113  61:51  Stalker  
Tags
 
Add a new tag
Caveats
  • Supply blocks, unpowered buildings, or Contaminate may cause inaccurate times.
  • Supply counts are checked every 10 seconds.